[Event "Titled Tuesday Blitz May 23 Early 2023"]
[White "Iskusnyh, Sergei"]
[Black "Kovacsy, Barnabas"]
[WhiteFideId "4120027"]
[BlackFideId "769290"]
[WhiteElo "2492"]
[BlackElo "2130"]
[Result "1-0"]
[Round "01"]
[TimeControl "180+2"]
[Date "2023.05.23"]
[WhiteClock "0:01:25"]
[BlackClock "0:00:03"]

1. d4 Nf6 2. c4 g6 3. g3 c6 4. Bg2 d5 5. e3 Bg7 6. Ne2 O-O 7. O-O dxc4 8. Na3 Be6 9. Qc2 Qc8 10. Nf4 Na6 11. Nxe6 Qxe6 12. Qxc4 Qd7 13. Bd2 Nd5 14. Rfd1 h5 15. Qb3 h4 16. Nc4 Rab8 17. e4 Nb6 18. Bf4 Nxc4 19. Bxb8 b5 20. Bf4 Bxd4 21. e5 c5 22. a4 Na5 23. Qxb5 1-0


[Site "https://www.chess.com"]

[Event "Titled Tuesday Blitz May 23 Early 2023"]
[White "Real_taiatai"]
[Black "Melikyan, Gnel"]
[BlackFideId "54109990"]
[WhiteElo "2320"]
[BlackElo "2138"]
[Result "1/2-1/2"]
[Round "01"]
[TimeControl "180+2"]
[Date "2023.05.23"]
[WhiteClock "0:00:25"]
[BlackClock "0:00:22"]

1. f4 c5 2. Nf3 d5 3. e3 Nc6 4. Bb5 a6 5. Bxc6+ bxc6 6. O-O g6 7. d3 Bg7 8. e4 Nf6 9. Nc3 O-O 10. Qe1 e6 11. Bd2 Rb8 12. b3 c4 13. bxc4 dxc4 14. d4 c5 15. dxc5 Bb7 16. Ne5 Nxe4 17. Nxe4 Bxe4 18. Qxe4 Qxd2 19. Rad1 Qb4 20. Nd7 Rbc8 21. Nxf8 Qxc5+ 22. Kh1 Bxf8 23. Qb7 Rc7 24. Qb8 Rc8 25. Qe5 Qxe5 26. fxe5 Rc5 27. Rd7 Rxe5 28. Rdxf7 Bb4 29. Rb7 a5 30. Rd1 Bd2 31. c3 Rd5 32. Rc7 Bxc3 33. Rb1 Bb4 34. Rxc4 Rd3 35. h3 Kf7 36. Rc2 Ke7 37. Rf1 Bc3 38. Rf3 Rd1+ 39. Kh2 Be5+ 40. g3 Bd6 41. Kg2 Rd4 42. Rb3 a4 43. Rb7+ Kf6 44. Rxh7 Rd3 45. Ra7 Rxg3+ 46. Kf1 a3 47. Rf2+ Kg5 48. Rg2 Rxg2 49. Kxg2 Kf5 50. Ra6 Be7 51. Ra5+ e5 52. Kf3 Bb4 53. Rb5 Bd2 54. Ke2 Bc1 55. Kf3 Bb2 56. Ra5 g5 57. Rb5 Bd4 58. Rd5 Ke6 59. Ke4 Kf6 60. Rd6+ Ke7 61. Ra6 Bb2 62. Kf5 Kd7 63. Kxg5 Ke7 64. Kf5 Kf7 65. h4 Kg7 66. h5 Kh7 67. Kg5 Bc1+ 68. Kf5 Bb2 69. Rf6 Kg7 70. Re6 Kh7 71. Rxe5 Bxe5 72. Kxe5 Kh6 73. Kd5 Kxh5 74. Kc4 Kg6 75. Kb4 Kf7 76. Kxa3 Ke7 77. Kb4 Kd7 78. Kb5 Kc7 79. Ka6 Kb8 80. Kb6 Ka8 81. a4 Kb8 82. a5 Ka8 83. a6 Kb8 84. a7+ Ka8 85. Ka6 1/2-1/2


[Site "https://www.chess.com"]

[Event "Titled Tuesday Blitz May 23 Early 2023"]
[White "Levitskiy, Andrey"]
[Black "Smiechu"]
[WhiteFideId "14132885"]
[WhiteElo "2347"]
[BlackElo "2319"]
[Result "1-0"]
[Round "01"]
[TimeControl "180+2"]
[Date "2023.05.23"]
[WhiteClock "0:00:08"]
[BlackClock "0:00:04"]

1. e4 c5 2. Nf3 g6 3. d4 cxd4 4. Nxd4 Nc6 5. c4 Nf6 6. Nc3 Nxd4 7. Qxd4 d6 8. Be2 Bg7 9. Be3 O-O 10. Qd2 a5 11. O-O a4 12. Rad1 Qa5 13. Bd4 Bd7 14. f4 Rfc8 15. b3 axb3 16. axb3 Qb4 17. Bxf6 Bxf6 18. Nd5 Qxd2 19. Nxf6+ Kg7 20. Rxd2 Kxf6 21. e5+ Kg7 22. exd6 exd6 23. Rxd6 Bc6 24. Bf3 Ra2 25. h3 Rb2 26. Bxc6 bxc6 27. Rf3 c5 28. Rd5 h5 29. h4 Ra8 30. Rxc5 Raa2 31. Rg5 f6 32. Rgg3 Kf7 33. f5 Ra1+ 34. Kh2 Rbb1 35. Rxg6 Rh1+ 36. Kg3 Rhg1 37. c5 Ra2 38. Kh2 Rc1 39. b4 Rb2 40. Rd3 Rc4 41. Rd7+ Ke8 42. Rh7 Rxh4+ 43. Kg3 Rg4+ 44. Rxg4 hxg4 45. Rb7 Kd8 46. c6 Kc8 47. b5 Rb4 48. Kh4 Rc4 49. g3 Rb4 50. Kh5 Rc4 51. Kg6 Rc3 52. Kxf6 Rxg3 53. b6 Rc3 54. Rc7+ Kb8 55. Rb7+ Kc8 56. Rc7+ Kb8 57. Ke5 g3 58. Kd5 g2 59. Rg7 Rd3+ 60. Ke4 Rd8 61. c7+ 1-0


[Site "https://www.chess.com"]

[Event "Titled Tuesday Blitz May 23 Early 2023"]
[White "Manon-og, Ramon Jr."]
[Black "Kononenko, Dmitry"]
[WhiteFideId "5200776"]
[BlackFideId "14113538"]
[WhiteElo "2318"]
[BlackElo "2198"]
[Result "0-1"]
[Round "01"]
[TimeControl "180+2"]
[Date "2023.05.23"]
[WhiteClock "0:00:07"]
[BlackClock "0:00:07"]

1. e4 d5 2. exd5 Qxd5 3. Nc3 Qa5 4. d4 Nf6 5. Nf3 Bg4 6. h3 Bh5 7. g4 Bg6 8. Bg2 c6 9. O-O e6 10. Ne5 Nbd7 11. Nxg6 hxg6 12. Bd2 Qc7 13. Qf3 Bd6 14. Rfe1 O-O-O 15. g5 Nd5 16. Qxf7 Bh2+ 17. Kh1 Rhf8 18. Qxe6 Rxf2 19. Re2 Rxe2 20. Nxe2 Nf4 21. Nxf4 Bxf4 22. Bb4 Bxg5 23. Qxg6 Bf6 24. Bc3 Nb6 25. Re1 Qf4 26. Re8 Nd5 27. Rxd8+ Kxd8 28. Qf7 Qc1+ 29. Kh2 Qf4+ 30. Kh1 Ne3 31. Qxb7 Nxg2 32. Ba5+ Ke8 33. Qxc6+ Kf7 34. Qxg2 Bxd4 35. Qd5+ Kg6 36. Qg2+ Kh7 37. Be1 Qe3 38. Qf1 Qe4+ 39. Kh2 Qxc2+ 40. Qg2 Qd3 41. Bg3 Qe3 42. b3 a6 43. h4 Qd3 44. Kh3 Qb1 45. Kh2 Bf6 46. Qe2 Qg6 47. Qxa6 Qg4 48. Qd3+ Kh6 49. Qe3+ Kh7 50. Qf4 Qe2+ 51. Kh3 Qe6+ 52. Qg4 Qd5 53. a4 Qh1+ 54. Bh2 Qf1+ 55. Qg2 Qf5+ 56. Qg4 Qf1+ 57. Qg2 Qd3+ 58. Qg3 Qd7+ 59. Qg4 Qd3+ 60. Bg3 Qb1 61. Qh5+ Kg8 62. Qe8+ Kh7 63. Qe3 Kg8 64. b4 Qxb4 65. Qe6+ Kh7 66. Qf5+ Kg8 67. a5 Qa4 68. Qd5+ Kh7 69. Qf5+ Kg8 70. Qe5 Bxe5 71. Bxe5 Qxa5 0-1


[Site "https://www.chess.com"]

[Event "Titled Tuesday Blitz May 23 Early 2023"]
[White "Agibileg, Uurtsaikh"]
[Black "Goldin, Roman"]
[WhiteFideId "4901606"]
[BlackFideId "2803860"]
[WhiteElo "2353"]
[BlackElo "2312"]
[Result "1-0"]
[Round "01"]
[TimeControl "180+2"]
[Date "2023.05.23"]
[WhiteClock "0:01:19"]
[BlackClock "0:00:00"]

1. d4 Nf6 2. c4 c6 3. Nc3 Qb6 4. e4 d6 5. Rb1 e5 6. Nf3 Nbd7 7. Be3 Qa5 8. Bd3 g6 9. O-O Bg7 10. b4 Qc7 11. d5 O-O 12. h3 cxd5 13. Nb5 Qb8 14. cxd5 a6 15. Nc3 Qc7 16. Qd2 Nh5 17. Rfc1 Qd8 18. b5 a5 19. b6 Nc5 20. Nb5 Nxd3 21. Qxd3 Bd7 22. Nxd6 Rb8 23. Rc7 f5 24. Bg5 Bf6 25. Bxf6 Nxf6 26. Nxe5 Qe7 27. Nxd7 Nxd7 28. Nxb7 fxe4 29. Qd4 e3 30. Qxe3 Qxe3 31. fxe3 Ne5 32. Nc5 Nc4 33. Nd7 1-0


[Site "https://www.chess.com"]

[Event "Titled Tuesday Blitz May 23 Early 2023"]
[White "Kalajzic, Ivan"]
[Black "Lewicki, Miroslaw"]
[WhiteFideId "14506378"]
[BlackFideId "1113380"]
[WhiteElo "2203"]
[BlackElo "2212"]
[Result "0-1"]
[Round "01"]
[TimeControl "180+2"]
[Date "2023.05.23"]
[WhiteClock "0:01:40"]
[BlackClock "0:02:22"]

1. d4 b6 2. Nc3 Bb7 3. e4 g6 4. Be3 Bg7 5. Qd2 d6 6. O-O-O Nd7 7. Bc4 c6 8. a4 Ngf6 9. Bh6 O-O 10. Bxg7 Kxg7 11. f4 b5 12. axb5 cxb5 13. Bxb5 Nxe4 14. Nxe4 Bxe4 15. Nf3 Bxf3 16. gxf3 Nf6 17. f5 Qb6 18. Bd3 Qxd4 19. fxg6 hxg6 0-1


[Site "https://www.chess.com"]

[Event "Titled Tuesday Blitz May 23 Early 2023"]
[White "Isajevsky, Anton"]
[Black "Li, Hui"]
[WhiteFideId "4142500"]
[BlackFideId "15400310"]
[WhiteElo "2510"]
[BlackElo "1966"]
[Result "1-0"]
[Round "01"]
[TimeControl "180+2"]
[Date "2023.05.23"]
[WhiteClock "0:01:16"]
[BlackClock "0:01:18"]

1. c4 e6 2. Nf3 d5 3. e3 Nf6 4. Nc3 b6 5. b3 Bb7 6. Bb2 Be7 7. cxd5 exd5 8. g3 O-O 9. Bg2 c5 10. O-O d4 11. exd4 cxd4 12. Nb5 d3 13. Rc1 Bc5 14. b4 Bxb4 15. Nc7 Nbd7 16. Nxa8 Qxa8 17. Nh4 Bxg2 18. Nxg2 Ne4 19. Qg4 Re8 20. Qxg7# 1-0


[Site "https://www.chess.com"]

[Event "Titled Tuesday Blitz May 23 Early 2023"]
[White "Sovetbekova, Nurai"]
[Black "Kleiman, Jake"]
[WhiteFideId "13801910"]
[BlackFideId "2020041"]
[WhiteElo "1857"]
[BlackElo "2607"]
[Result "0-1"]
[Round "01"]
[TimeControl "180+2"]
[Date "2023.05.23"]
[WhiteClock "0:00:11"]
[BlackClock "0:01:24"]

1. d4 Nf6 2. c4 e6 3. Nc3 Bb4 4. Bd2 O-O 5. e3 d5 6. Nf3 b6 7. cxd5 exd5 8. Bd3 Re8 9. Ne5 Bxc3 10. Bxc3 Ba6 11. O-O Bxd3 12. Qxd3 Qd6 13. Rac1 c5 14. dxc5 bxc5 15. Nf3 Nbd7 16. Rfd1 h6 17. h3 Qb6 18. b3 a5 19. Qf5 a4 20. bxa4 Rxa4 21. Ne5 Qe6 22. Qxe6 fxe6 23. Nxd7 Nxd7 24. Rc2 Rea8 25. Rdd2 Kf7 26. f3 g5 27. Kf2 R8a6 28. Rb2 Ra7 29. Rdc2 e5 30. Ke2 Ke6 31. Kd3 d4 32. exd4 exd4 33. Be1 Ne5+ 34. Kd2 Nc4+ 35. Rxc4 Rxc4 36. Kd3 Rca4 37. Re2+ Kd5 38. Bg3 Ra3+ 0-1


[Site "https://www.chess.com"]

[Event "Titled Tuesday Blitz May 23 Early 2023"]
[White "Tasev, Dejan"]
[Black "Lesbekova, Assel"]
[WhiteFideId "936618"]
[BlackFideId "13713248"]
[WhiteElo "2244"]
[BlackElo "1805"]
[Result "1-0"]
[Round "01"]
[TimeControl "180+2"]
[Date "2023.05.23"]
[WhiteClock "0:02:13"]
[BlackClock "0:02:06"]

1. e4 c5 2. Nf3 Nc6 3. Nc3 a6 4. d4 cxd4 5. Nxd4 e5 6. Nb3 Bb4 7. Bd2 Nf6 8. Bd3 O-O 9. Qe2 d5 10. Nxd5 Nxd5 11. exd5 Qxd5 12. c3 Be7 13. O-O-O Bf5 14. Bxf5 1-0


[Site "https://www.chess.com"]

[Event "Titled Tuesday Blitz May 23 Early 2023"]
[White "Todorovic, Bojan"]
[Black "Novik, Maxim"]
[WhiteFideId "917087"]
[BlackFideId "4102924"]
[WhiteElo "2266"]
[BlackElo "2287"]
[Result "1/2-1/2"]
[Round "01"]
[TimeControl "180+2"]
[Date "2023.05.23"]
[WhiteClock "0:00:08"]
[BlackClock "0:00:05"]

1. d4 Nf6 2. c4 g6 3. Nc3 d5 4. Nf3 Bg7 5. Bg5 Ne4 6. Bh4 c5 7. cxd5 Nxc3 8. bxc3 Qxd5 9. e3 Nc6 10. Be2 O-O 11. O-O cxd4 12. cxd4 b6 13. Nd2 Bb7 14. Bf3 Qd7 15. Rc1 Na5 16. Bxb7 Qxb7 17. Qf3 Qd7 18. Qe4 e6 19. Nf3 Rac8 20. Ne5 Qd5 21. Qxd5 exd5 22. Nd3 Rc4 23. Nf4 Rfc8 24. Rb1 Ra4 25. Nxd5 Bf8 26. Rb2 Nc4 27. Rc2 Nd6 28. Rxc8 Nxc8 29. Nc3 Ra3 30. Rc1 Nd6 31. Kf1 f5 32. Bg3 Nc4 33. Rc2 a6 34. Ke2 b5 35. Nb1 Ra4 36. Nd2 Kf7 37. Nxc4 bxc4 38. d5 Bc5 39. Be5 Ke7 40. h4 Bd6 41. Bd4 Ba3 42. f3 Kd6 43. e4 fxe4 44. fxe4 Bc5 45. Ke3 Ra3+ 46. Kf4 Bxd4 47. Rxc4 Be5+ 48. Kg5 Rg3+ 49. Kh6 Rxg2 50. Rc6+ Kd7 51. Rxa6 Rg4 52. Kxh7 Rxh4+ 53. Kxg6 Rxe4 54. Kf5 Re1 55. Re6 Bc3 56. Rxe1 Bxe1 57. a4 Bc3 58. Ke4 Kd6 59. a5 Bxa5 60. Kd4 Bb6+ 61. Kc4 Bc5 62. Kb5 Kxd5 1/2-1/2


[Site "https://www.chess.com"]

[Event "Titled Tuesday Blitz May 23 Early 2023"]
[White "Principe, Gerson"]
[Black "Pg, Mohd Omar Ak Hira"]
[WhiteFideId "3804550"]
[BlackFideId "10500103"]
[WhiteElo "2229"]
[BlackElo "2167"]
[Result "0-1"]
[Round "01"]
[TimeControl "180+2"]
[Date "2023.05.23"]
[WhiteClock "0:00:00"]
[BlackClock "0:00:11"]

1. Nf3 Nf6 2. b3 g6 3. g3 Bg7 4. Bb2 O-O 5. Bg2 d5 6. O-O c5 7. e3 Nc6 8. d4 b6 9. Nbd2 Bb7 10. c4 cxd4 11. Nxd4 Nxd4 12. Bxd4 Qd7 13. Rc1 Rfd8 14. Qc2 Rac8 15. Qb2 dxc4 16. Bxb7 Qxb7 17. Nxc4 Ne4 18. Bxg7 Ng5 19. f3 Nxf3+ 20. Kf2 Ng5 21. Bd4 Nh3+ 22. Ke1 Qe4 23. Rd1 b5 24. Nd2 Qg2 25. Nf3 Rc2 26. Qxc2 Qxc2 27. Rd2 Qb1+ 28. Ke2 Qe4 29. Rfd1 f6 30. Bxa7 Rxd2+ 31. Rxd2 Qb7 32. Bc5 h6 33. a3 Ng5 34. Nxg5 hxg5 35. b4 Kf7 36. Kd3 Ke6 37. Kc3 Qh1 38. Kc2 Qa1 39. Kd3 Qxa3+ 40. Ke2 Qc1 41. Rd1 Qc4+ 42. Kf2 f5 43. Rd2 f4 44. exf4 gxf4 45. Re2+ Kf5 46. Rxe7 fxg3+ 47. hxg3 Kg4 48. Re2 Qd3 49. Re3 Qd2+ 50. Re2 Qd5 51. Re3 Qh1 52. Ke2 Qg2+ 53. Kd3 Qf1+ 54. Kd4 Qc4+ 55. Ke5 Kg5 56. Re4 Qf7 57. Re3 Qf6+ 58. Kd5 Qf7+ 59. Ke4 Qc4+ 60. Kf3 Kf5 61. Kf2 g5 62. Rf3+ Kg6 63. Re3 g4 64. Re2 Kf5 65. Rd2 Qc3 66. Ke1 Qxg3+ 67. Rf2+ Ke4 68. Ke2 Qd3+ 69. Ke1 Qc3+ 70. Kf1 Qc1+ 71. Kg2 Qc3 72. Re2+ Kf5 73. Rf2+ Kg5 74. Be7+ Kh5 75. Bc5 Qd3 76. Rf1 Qe4+ 77. Kg3 Qd3+ 78. Kg2 Qh3+ 79. Kg1 g3 80. Re1 Qh2+ 81. Kf1 g2+ 0-1


[Site "https://www.chess.com"]

[Event "Titled Tuesday Blitz May 23 Early 2023"]
[White "Rose, Felix"]
[Black "Filgueira, Hernan"]
[WhiteFideId "5105722"]
[BlackFideId "101770"]
[WhiteElo "2039"]
[BlackElo "2363"]
[Result "0-1"]
[Round "01"]
[TimeControl "180+2"]
[Date "2023.05.23"]
[WhiteClock "0:00:00"]
[BlackClock "0:01:23"]

1. e4 d5 2. exd5 Qxd5 3. Nc3 Qd6 4. d4 Nf6 5. Nf3 c6 6. Ne5 Nbd7 7. Nc4 Qc7 8. Qf3 Nb6 9. Bf4 Qd8 10. O-O-O Be6 11. Ne5 Nfd5 12. Nxd5 Qxd5 13. Qxd5 Bxd5 14. c4 Be4 15. f3 Bf5 16. g4 Be6 17. b3 O-O-O 18. Be2 f6 19. Nd3 Rxd4 20. Nc5 Rxd1+ 21. Rxd1 Bf7 22. Be3 e5 23. Ne4 Kc7 24. h4 Be7 25. h5 Rd8 26. Rg1 Bf8 27. h6 Bg6 28. hxg7 Bxg7 29. Nc5 Re8 30. Bd3 Nd7 31. Bxg6 hxg6 32. Ne4 Rh8 33. Rg2 b6 34. Kc2 g5 35. Rd2 Rh3 36. Nd6 Bf8 37. Ne8+ Kc8 0-1


[Site "https://www.chess.com"]

[Event "Titled Tuesday Blitz May 23 Early 2023"]
[White "Manukyan, Sargis A."]
[Black "Bashkansky, Ethan"]
[WhiteFideId "13303970"]
[BlackFideId "2071533"]
[WhiteElo "2187"]
[BlackElo "2300"]
[Result "1-0"]
[Round "01"]
[TimeControl "180+2"]
[Date "2023.05.23"]
[WhiteClock "0:01:08"]
[BlackClock "0:00:21"]

1. d4 f5 2. Nc3 Nf6 3. Nf3 e6 4. Bg5 d5 5. Ne5 Nbd7 6. e3 Be7 7. Nxd7 Bxd7 8. Bd3 O-O 9. Ne2 h6 10. Bf4 c5 11. c3 c4 12. Bc2 Qe8 13. Be5 Ng4 14. Bg3 b5 15. a3 a5 16. h3 Nf6 17. O-O b4 18. axb4 axb4 19. Rxa8 Qxa8 20. Nf4 b3 21. Bb1 Kf7 22. f3 Bd6 23. e4 dxe4 24. fxe4 Nxe4 25. Bh2 g5 26. Qh5+ Kf6 27. Qxh6+ Ke7 28. Ng6+ Kd8 29. Bxd6 1-0


[Site "https://www.chess.com"]

[Event "Titled Tuesday Blitz May 23 Early 2023"]
[White "Doluhanova, Evgeniya"]
[Black "Mortazavi, Ali"]
[WhiteFideId "14112035"]
[BlackFideId "401323"]
[WhiteElo "2159"]
[BlackElo "2339"]
[Result "1-0"]
[Round "01"]
[TimeControl "180+2"]
[Date "2023.05.23"]
[WhiteClock "0:00:14"]
[BlackClock "0:00:00"]

1. Nf3 Nf6 2. c4 g6 3. g3 Bg7 4. Bg2 O-O 5. O-O d6 6. Nc3 e5 7. e4 Bg4 8. h3 Bxf3 9. Qxf3 Nc6 10. d3 Nd7 11. Be3 Nc5 12. Qe2 Ne6 13. f4 exf4 14. gxf4 Ncd4 15. Qf2 f5 16. Ne2 Nc2 17. exf5 Rxf5 18. Be4 Nxa1 19. Bxf5 gxf5 20. Rxa1 Qf6 21. d4 c5 22. Rd1 Kh8 23. dxc5 Nxc5 24. Nc3 Rg8 25. Kh2 Qf7 26. Bxc5 dxc5 27. Qxc5 Qh5 28. Rg1 Rd8 29. Nd5 Re8 30. Rg2 Qf3 31. Qf2 Qxf2 32. Rxf2 Re1 33. b3 Bh6 34. Kg2 Re4 35. Kf3 Kg7 36. Re2 Rd4 37. Re7+ Kg6 38. Rxb7 Rd3+ 39. Ke2 Rxh3 40. Ne7+ Kh5 41. Nxf5 Rh2+ 42. Kf3 Rxa2 43. Rxh7 Kg6 44. Rxh6+ Kxf5 45. Rh5+ Ke6 46. Re5+ Kf6 47. b4 Rc2 48. Rc5 Rb2 49. b5 Rb1 50. Ke4 Re1+ 51. Kd5 Rf1 52. Kc6 Rxf4 53. Kb7 Ke6 54. Kxa7 Kd6 55. Rc6+ Kd7 56. c5 Rb4 57. Kb6 1-0


[Site "https://www.chess.com"]

[Event "Titled Tuesday Blitz May 23 Early 2023"]
[White "Kiremitciyan, Ari"]
[Black "Jiganchine, Roman"]
[WhiteFideId "6373445"]
[BlackFideId "2603667"]
[WhiteElo "2181"]
[BlackElo "2296"]
[Result "1-0"]
[Round "01"]
[TimeControl "180+2"]
[Date "2023.05.23"]
[WhiteClock "0:02:24"]
[BlackClock "0:01:54"]

1. e4 c6 2. d4 d5 3. exd5 cxd5 4. Bd3 Nc6 5. c3 Nf6 6. Bf4 Bg4 7. Qb3 Qc8 8. Nd2 e6 9. Ngf3 Be7 10. O-O O-O 11. Rae1 Bh5 12. Ne5 Nxe5 13. Bxe5 Bg6 14. Bxg6 hxg6 15. Qd1 b5 16. Re3 b4 17. Rh3 bxc3 18. bxc3 Qa6 19. Nf3 Ne4 20. Qc1 Rfc8 21. Rh8+ Kxh8 22. Qh6+ Kg8 23. Qxg7# 1-0


[Site "https://www.chess.com"]

[Event "Titled Tuesday Blitz May 23 Early 2023"]
[White "Filip, Andrei"]
[Black "Yaniuk, Volodymyr"]
[WhiteFideId "1249452"]
[BlackFideId "14133083"]
[WhiteElo "2202"]
[BlackElo "2141"]
[Result "0-1"]
[Round "01"]
[TimeControl "180+2"]
[Date "2023.05.23"]
[WhiteClock "0:01:41"]
[BlackClock "0:02:14"]

1. Nf3 d5 2. b3 c5 3. Bb2 Nc6 4. e3 Bg4 5. Be2 Qc7 6. O-O Nf6 7. h3 Bh5 8. c4 dxc4 9. bxc4 Rd8 10. Nc3 e6 11. a3 Be7 12. Qc2 Bg6 13. Qb3 O-O 14. Rfd1 Na5 15. Qa2 Bc2 16. Re1 Bb3 17. Qb1 Bxc4 18. Nb5 Qb6 19. Bxc4 Nxc4 20. a4 Nxb2 21. Qxb2 a6 0-1


[Site "https://www.chess.com"]

[Event "Titled Tuesday Blitz May 23 Early 2023"]
[White "Sielecki, Christof"]
[Black "Rosenberg, Evan S"]
[WhiteFideId "4620437"]
[BlackFideId "2019299"]
[WhiteElo "2443"]
[BlackElo "2296"]
[Result "1-0"]
[Round "01"]
[TimeControl "180+2"]
[Date "2023.05.23"]
[WhiteClock "0:01:34"]
[BlackClock "0:00:32"]

1. e4 e5 2. Nf3 Nc6 3. Bb5 Nf6 4. d3 Ne7 5. Nc3 c6 6. Bc4 d6 7. a4 a5 8. d4 Qc7 9. dxe5 dxe5 10. Ng5 Ng6 11. Bxf7+ Ke7 12. Bb3 Bg4 13. f3 Rd8 14. Qe2 Bc8 15. Qc4 Rd6 16. Nb5 1-0


[Site "https://www.chess.com"]

[Event "Titled Tuesday Blitz May 23 Early 2023"]
[White "Zampronha, Wladimir Camilo"]
[Black "Korchmar, Vasiliy"]
[WhiteFideId "2103087"]
[BlackFideId "24131750"]
[WhiteElo "2176"]
[BlackElo "2370"]
[Result "0-1"]
[Round "01"]
[TimeControl "180+2"]
[Date "2023.05.23"]
[WhiteClock "0:00:00"]
[BlackClock "0:00:32"]

1. e4 c5 2. Nf3 d6 3. d4 cxd4 4. Nxd4 Nf6 5. Nc3 Nc6 6. Bg5 Bd7 7. Qd2 a6 8. O-O-O e6 9. f4 Be7 10. Nf3 b5 11. e5 b4 12. exf6 bxc3 13. Qxc3 gxf6 14. Kb1 Rg8 15. Bh4 Rb8 16. Bxa6 d5 17. Bd3 Qb6 18. b3 Nb4 19. Kb2 Qa5 20. Ra1 Qa3+ 21. Kb1 Rxg2 22. Rg1 Rxg1+ 23. Nxg1 Rc8 24. Qb2 Qa7 25. Nf3 Qe3 26. Nd4 Nxd3 27. cxd3 Qg1+ 0-1


[Site "https://www.chess.com"]

[Event "Titled Tuesday Blitz May 23 Early 2023"]
[White "Szabo, Marcell"]
[Black "Jimenez Fernandez, Rebeca"]
[WhiteFideId "2072033"]
[BlackFideId "32070934"]
[WhiteElo "1795"]
[BlackElo "2008"]
[Result "1-0"]
[Round "01"]
[TimeControl "180+2"]
[Date "2023.05.23"]
[WhiteClock "0:01:35"]
[BlackClock "0:00:00"]

1. e4 c5 2. Nf3 Nc6 3. b4 cxb4 4. d4 d5 5. exd5 Qxd5 6. c4 bxc3 7. Nxc3 Qd8 8. d5 Nb8 9. Bb5+ Bd7 10. Rb1 g6 11. Qd4 Nf6 12. Ne5 Bg7 13. Bxd7+ Nbxd7 14. Rxb7 Nxe5 15. Qxe5 O-O 16. O-O Ng4 17. Qg3 Bxc3 18. Qxg4 Qxd5 19. Rxe7 Qxa2 20. Bh6 Bg7 21. Bxg7 Kxg7 22. Qd4+ Kg8 23. h4 h5 24. Ra1 Qb3 25. Ra6 Qb1+ 26. Kh2 Qb8+ 27. g3 Qb5 28. Rxg6+ 1-0


[Site "https://www.chess.com"]

[Event "Titled Tuesday Blitz May 23 Early 2023"]
[White "Fajdetic, Hrvoje"]
[Black "Kim, Sergey"]
[WhiteFideId "14501945"]
[BlackFideId "13700570"]
[WhiteElo "2185"]
[BlackElo "2597"]
[Result "1-0"]
[Round "01"]
[TimeControl "180+2"]
[Date "2023.05.23"]
[WhiteClock "0:00:10"]
[BlackClock "0:00:02"]

1. d4 Nf6 2. Bf4 g6 3. Nc3 Bg7 4. e4 d6 5. Qd2 c6 6. O-O-O Qa5 7. f3 b5 8. Kb1 b4 9. Nce2 Nbd7 10. Bh6 Bxh6 11. Qxh6 Ba6 12. Nh3 O-O-O 13. Nc1 Bxf1 14. Rhxf1 Qb6 15. Qd2 h6 16. Nf2 c5 17. Qd3 Kb8 18. Nb3 Rc8 19. dxc5 Nxc5 20. Nxc5 Rxc5 21. Rd2 Rhc8 22. Nd1 Nd7 23. f4 Qc6 24. Ne3 Nb6 25. Nd5 Nxd5 26. exd5 Qb5 27. f5 Rxd5 28. Qxb5+ Rxb5 29. f6 Rc7 30. fxe7 Rxe7 31. Rxd6 Rf5 32. Rfd1 Rf2 33. b3 Rxg2 34. h4 Rh2 35. R6d4 a5 36. Kb2 Rc7 37. R1d2 Rxd2 38. Rxd2 Rc5 39. Rd7 Rf5 40. a3 bxa3+ 41. Kxa3 h5 42. c4 Rf4 43. Ka4 Rxh4 44. Rxf7 Rh3 45. Rg7 Rg3 46. c5 h4 47. Kxa5 h3 48. b4 h2 49. Kb6 Kc8 50. c6 Kd8 51. c7+ Kc8 52. Rg8+ Kd7 53. c8=Q+ 1-0


[Site "https://www.chess.com"]

[Event "Titled Tuesday Blitz May 23 Early 2023"]
[White "HamedWafa4"]
[Black "De Souza, Cristiano Gomes"]
[BlackFideId "2151758"]
[WhiteElo "2596"]
[BlackElo "2068"]
[Result "1-0"]
[Round "01"]
[TimeControl "180+2"]
[Date "2023.05.23"]
[WhiteClock "0:01:02"]
[BlackClock "0:00:20"]

1. e4 c5 2. Nc3 d6 3. d4 cxd4 4. Qxd4 Nf6 5. b3 Nc6 6. Qd2 g6 7. Bb2 Bg7 8. O-O-O O-O 9. Kb1 Be6 10. f4 a6 11. Nf3 h6 12. Bd3 Bg4 13. h3 Bxf3 14. gxf3 Nh5 15. f5 Ne5 16. Be2 Ng3 17. Rhg1 Nxe2 18. Qxe2 g5 19. h4 f6 20. f4 gxf4 21. Nd5 Rf7 22. Nxf4 Kh7 23. Qh5 Qe8 24. Bxe5 fxe5 25. Qg6+ Kh8 26. Ne6 Qg8 27. Rg2 Qh7 28. Rdg1 Qxg6 29. Rxg6 Rg8 30. c4 Kh7 31. h5 Kh8 32. b4 Kh7 33. a4 Kh8 34. a5 Kh7 35. b5 Kh8 36. Kb2 Kh7 37. Kb3 Kh8 38. Kb4 Kh7 39. c5 dxc5+ 40. Kxc5 axb5 41. Kxb5 Kh8 42. Kb6 Rf6 43. Rxf6 Bxf6 44. Rxg8+ Kxg8 45. Kxb7 Bg5 46. a6 Be3 47. a7 Bxa7 48. Kxa7 Kf7 49. Kb7 Kf6 50. Kc7 1-0


[Site "https://www.chess.com"]

[Event "Titled Tuesday Blitz May 23 Early 2023"]
[White "mohsengabr2002"]
[Black "Al-Tarboush, Ward"]
[BlackFideId "7601450"]
[WhiteElo "2283"]
[BlackElo "2265"]
[Result "0-1"]
[Round "01"]
[TimeControl "180+2"]
[Date "2023.05.23"]
[WhiteClock "0:00:38"]
[BlackClock "0:00:56"]

1. e4 e6 2. d3 d5 3. Nd2 Nf6 4. Ngf3 b6 5. g3 Bb7 6. Qe2 Be7 7. Bg2 c5 8. e5 Nfd7 9. O-O Nc6 10. Re1 Qc7 11. Nf1 O-O-O 12. h4 h6 13. c4 d4 14. a3 a5 15. Bd2 g5 16. hxg5 hxg5 17. Nxg5 Ncxe5 18. Nf3 Qc6 19. Nh4 Qxg2+ 20. Nxg2 Nf3+ 21. Qxf3 Bxf3 22. Nh2 Bc6 23. b4 Rh7 24. f4 Nf6 25. bxa5 Rdh8 26. Nh4 Nh5 27. Nf1 Nxg3 28. Nxg3 Bxh4 29. Ne4 Bxe1 30. Bxe1 Rh1+ 31. Kf2 R8h2+ 32. Kg3 f5 33. Bf2 fxe4 34. Rxh1 Rxh1 35. dxe4 Bxe4 36. axb6 Rb1 37. f5 exf5 38. Kf4 Rf1 39. Ke5 Rxf2 0-1


[Site "https://www.chess.com"]

[Event "Titled Tuesday Blitz May 23 Early 2023"]
[White "Bagrationi, Alexander"]
[Black "Nissinen, Niilo Man"]
[WhiteFideId "14104954"]
[BlackFideId "30950767"]
[WhiteElo "2398"]
[BlackElo "1952"]
[Result "1-0"]
[Round "01"]
[TimeControl "180+2"]
[Date "2023.05.23"]
[WhiteClock "0:00:41"]
[BlackClock "0:00:00"]

1. e4 e5 2. Nf3 Nc6 3. Bc4 Bc5 4. d4 exd4 5. O-O Nf6 6. e5 d5 7. exf6 dxc4 8. fxg7 Rg8 9. Re1+ Be6 10. Bg5 Qd5 11. Nc3 Qf5 12. Ne4 Rxg7 13. Nxc5 Qxc5 14. Bf6 Rg6 15. Bxd4 Nxd4 16. Qxd4 Qxd4 17. Nxd4 O-O-O 18. c3 Bd5 19. g3 Rb6 20. Re2 c5 21. Nf5 Bf3 22. Re3 Rd3 23. Rb1 Rxb2 24. Rbe1 Rxe3 25. Nxe3 b5 26. a4 a6 27. h4 bxa4 28. Ra1 a3 29. Nxc4 Rc2 30. Nxa3 Rxc3 31. Kf1 Kc7 32. Ke1 Rd3 33. Nc4 Kb7 34. Ne5 Rb3 35. Ra5 Kb6 36. Nc4+ Kb7 37. Rxc5 Rb1+ 38. Kd2 1-0


[Site "https://www.chess.com"]

[Event "Titled Tuesday Blitz May 23 Early 2023"]
[White "zsizsi99"]
[Black "Bodnaruk, Anastasia"]
[BlackFideId "4181751"]
[WhiteElo "2281"]
[BlackElo "2304"]
[Result "0-1"]
[Round "01"]
[TimeControl "180+2"]
[Date "2023.05.23"]
[WhiteClock "0:00:00"]
[BlackClock "0:00:44"]

1. e4 c5 2. Nf3 d6 3. d4 cxd4 4. Nxd4 Nf6 5. Nc3 a6 6. Be2 e5 7. Nb3 Be7 8. O-O O-O 9. Kh1 b6 10. f4 Bb7 11. Bf3 b5 12. a4 b4 13. Nd5 Nxd5 14. exd5 Nd7 15. a5 Bf6 16. f5 Nc5 17. Bd2 e4 18. Nxc5 dxc5 19. Bxe4 Bxd5 20. Bxd5 Qxd5 21. Be3 Rad8 22. Qxd5 Rxd5 23. Rad1 Rfd8 24. Rxd5 Rxd5 25. b3 h5 26. g3 Kf8 27. Kg2 Ke7 28. h3 Kd6 29. g4 hxg4 30. hxg4 Kc6 31. g5 Bc3 32. g6 fxg6 33. fxg6 Rd6 34. Rf5 Rxg6+ 35. Kh2 Bd4 36. Bxd4 cxd4 37. Kh3 Rf6 38. Rg5 Rf2 39. Rxg7 Rxc2 40. Rg6+ Kb5 41. Rg5+ Rc5 42. Rg4 Rd5 43. Rg1 d3 44. Kg3 Kc5 45. Kf3 Kd4 46. Rg4+ Kc3 47. Ke3 d2 0-1


[Site "https://www.chess.com"]